 Dungeon Crawl Stone Soup version 0.28-a0-1312-g71652a0310 (webtiles) character file.

Game seed: 6439577652294228130

1153 torgal the Skirmisher (level 8, -12/87 HPs)
             Began as an Ogre Berserker on Dec 27, 2021.
             Was a Priest of Trog.
             Mangled by an ogre (16 damage)
             ... on level 5 of the Dungeon.
             The game lasted 00:22:12 (4562 turns).

torgal the Skirmisher (Ogre Berserker)              Turns: 4562, Time: 00:22:12

Health: -12/87     AC:  4    Str: 24    XL:     8   Next: 38%
Magic:  8/8        EV: 10    Int:  8    God:    Trog [***...]
Gold:   163        SH:  0    Dex:  8    Spells: 7/7 levels left

rFire   . . .      SeeInvis .   s - +4 mace (vorpal)
rCold   . . .      Faith    .   (no shield)
rNeg    . . .      Spirit   .   b - +0 animal skin
rPois   .          Reflect  .   (helmet restricted)
rElec   .          Harm     .   A - +0 cloak
rCorr   .          Rampage  .   (gloves unavailable)
Will    .....                   (boots unavailable)
Stlth   +.........              c - amulet of the acrobat
HPRegen 0.24/turn               (no ring)
MPRegen 0.11/turn               (no ring)

@: very slow
A: large, unfitting armour, tough skin 1
a: Renounce Religion, Berserk, Trog's Hand


You were on level 5 of the Dungeon.
You worshipped Trog.
Trog was most pleased with you.
You visited 1 branch of the dungeon, and saw 5 of its levels.

You collected 163 gold pieces.

Inventory:

Hand Weapons
 a - a +0 hand axe
 n - a +0 hunting sling
 s - a +4 vorpal mace (weapon)
 w - a +0 war axe
 x - a +0 dagger of distortion
 y - a +2 dagger of protection
Missiles
 d - 104 stones (quivered)
 i - 10 poisoned darts
 o - 13 sling bullets
Armour
 b - a +0 animal skin (worn)
 k - a +0 robe
 u - a +1 scale mail of cold resistance
 A - a +0 cloak (worn)
Magical Staves
 h - a staff of earth
Jewellery
 c - an amulet of the acrobat (around neck)
 m - an amulet of magic regeneration
Scrolls
 e - 2 scrolls of torment
 f - a scroll of magic mapping
 g - 3 scrolls of fog
 q - 6 scrolls of identify
Potions
 j - a potion of curing {unknown}
 l - a potion of resistance {unknown}
 p - 4 potions of berserk rage
 r - a potion of flight {unknown}
 t - 2 potions of heal wounds {unknown}
 v - a potion of degeneration {unknown}
 z - 2 potions of ambrosia
 B - 3 potions of might {unknown}
 D - a potion of lignification {unknown}


   Skills:
 + Level 7.0 Fighting
 + Level 5.2(6.0) Axes
 + Level 3.3(4.5) Maces & Flails
 - Level 2.1(3.9) Polearms
 + Level 3.4 Throwing
 + Level 4.8 Dodging


You had 7 spell levels left.
You didn't know any spells.
Your spell library was empty.

Dungeon Overview and Level Annotations

Branches:
Dungeon (5/15)
 Temple: D:4-7

Altars:

Shops:
D:4 (


Innate Abilities, Weirdness & Mutations

You are too large for most types of armour.
You have tough skin. (AC +1)


Message History

You barely miss the adder. The adder barely misses you.
You sock the adder!
The adder is almost dead.
The adder closely misses you. The adder bites you.
* * * LOW HITPOINT WARNING * * *
You closely miss the adder.
The adder is severely wounded.
The adder bites you but does no damage.
You hit the adder.
You kill the adder!
Trog accepts your kill.
You barely miss the ogre.
The ogre hits you with a +0 giant spiked club!
* * * LOW HITPOINT WARNING * * *
You sock the ogre!
The ogre is heavily wounded.
The ogre barely misses you.
An ogre comes into view. It is wielding a +0 giant club.
The ogre shouts!
You hit the ogre but do no damage.
The ogre is heavily wounded.
The ogre barely misses you.
You sock the ogre!
You kill the ogre!
Trog accepts your kill.
You hear a splash.
You recover from your berserk rage.
Your Fighting skill increases to level 7!
You enter the shallow water.
Moving in this stuff is going to be slow.
Items here: ) ††††.
You barely miss the ogre. The ogre closely misses you.
You hit the ogre.
The ogre is lightly wounded.
The ogre hits you with a +0 giant club!
* * * LOW HITPOINT WARNING * * *
You closely miss the ogre.
The ogre is lightly wounded.
The ogre hits you with a +0 giant club!
You die...

#.###### #.+
#.# #.# #.# #.#
#.# ≈########.#
≈≈≈≈≈≈≈@)##
###≈#≈#O≈#
≈≈≈.≈...
..≈.........
.....).........
...............
#######........
#........


You could see an ogre.

Vanquished Creatures
  Menkaure (D:4)
  Duvessa (D:4)
  A sky beast (D:3)
  2 ogres
  The ghost of bearlyready the Shield-Bearer, an amateur DsFi (D:3)
  A scorpion (D:4)
  Dowan (D:4)
  2 hounds (D:4)
  An orc priest (D:4)
  An iguana (D:5)
  Terence (D:3)
  Natasha (twice) (D:2)
  4 orc wizards
  Robin (D:4)
  5 adders
  A river rat (D:5)
  2 adder skeletons (D:4)
  3 worms
  2 dart slugs (D:1)
  13 orcs
  6 ball pythons
  5 endoplasms
  5 giant cockroaches
  16 goblins
  9 hobgoblins
  7 jackals
  2 quokkas
  8 bats
  6 frilled lizards
  13 kobolds
  5 rats
128 creatures vanquished.

Notes
Turn   | Place    | Note
-------+----------+-------------------------------------------
     0 | D:1      | torgal the Ogre Berserker began the quest for the Orb.
     0 | D:1      | Reached XP level 1. HP: 24/24 MP: 1/1
   178 | D:1      | Reached XP level 2. HP: 28/32 MP: 2/2
   561 | D:1      | Noticed a shining eye
   563 | D:1      | Found a faded altar of an unknown god.
   566 | D:1      | Noticed a floating eye
   566 | D:1      | Noticed a golden eye
   566 | D:1      | Noticed an eye of devastation
   632 | D:1      | Reached XP level 3. HP: 35/39 MP: 3/3
   696 | D:1      | Reached skill level 1 in Polearms
   714 | D:1      | Reached ** piety under Trog
  1348 | D:2      | Reached XP level 4. HP: 49/49 MP: 4/4
  1473 | D:2      | Noticed Natasha
  1485 | D:2      | Killed Natasha
  1952 | D:2      | Noticed Natasha
  1960 | D:2      | Killed Natasha
  1961 | D:2      | Reached skill level 5 in Fighting
  1961 | D:2      | Reached XP level 5. HP: 57/57 MP: 5/5
  2006 | D:3      | Noticed Terence
  2016 | D:3      | Killed Terence
  2136 | D:3      | Reached skill level 1 in Maces & Flails
  2364 | D:3      | Reached *** piety under Trog
  2395 | D:3      | Reached skill level 1 in Throwing
  2493 | D:3      | Noticed bearlyready's ghost (amateur DsFi)
  2497 | D:3      | Found a runed translucent door.
  2512 | D:3      | Killed bearlyready's ghost
  2513 | D:3      | Reached XP level 6. HP: 66/66 MP: 6/6
  2560 | D:3      | Noticed a sky beast
  2573 | D:3      | Killed a sky beast
  3100 | D:4      | Noticed Robin
  3107 | D:4      | Reached XP level 7. HP: 74/74 MP: 7/7
  3112 | D:4      | Killed Robin
  3165 | D:4      | Noticed Menkaure
  3171 | D:4      | Killed Menkaure
  3172 | D:4      | Reached skill level 6 in Fighting
  3853 | D:4      | Found Leshroso's Antique Weapon Emporium.
  4147 | D:4      | Reached XP level 8. HP: 76/84 MP: 8/8
  4195 | D:4      | Noticed Duvessa
  4195 | D:4      | Noticed Dowan
  4204 | D:4      | Killed Duvessa
  4205 | D:4      | Reached skill level 5 in Axes
  4210 | D:4      | Killed Dowan
  4501 | D:5      | Entered Level 5 of the Dungeon
  4558 | D:5      | Reached skill level 7 in Fighting
  4561 | D:5      | HP: 4/87 [ogre (11)]
  4562 | D:5      | Mangled by an ogre

Illustrated notes

Levels and vault maps discovered:
D:1:      lemuel_arrival_lava_pool, layout_loops_ring,
          hellmonk_ecumenical_altar_watching_god
D:2:      layout_loops_ring, hangedman_glass_teeth, uniq_natasha
D:3:      layout_basic, hellmonk_ghost_happy_afterlife, hangedman_decor_lopped,
          minivault_19, kennysheep_another_room, minmay_pentangle, uniq_terence
D:4:      layout_loops_corners, serial_shops, nicolae_lakefront_shop,
          minmay_misc_feat_five, uniq_duvessa, uniq_robin, uniq_menkaure
D:5:      layout_basic, temple_pool_b, lightli_sewer_entry_pipes,
          wad_rectangle_vault

Skill      XL: |  1  2  3  4  5  6  7  8 |
---------------+-------------------------+-----
Polearms       | 1 2 |  2.1
Dodging        | 3 4 |  4.8
Fighting       | 5 6 7 |  7.0
Maces & Flails | 1 2 3 |  3.3
Throwing       | 1 2 3 |  3.4
Axes           | 4 5 |  5.2

Action                   |  1- 3 |  4- 6 |  7- 9 || total
-------------------------+-------+-------+-------++-------
Melee: Hand axe          |    94 |    47 |       ||   141
       Flail             |    32 |       |       ||    32
       Mace              |       |    69 |    76 ||   145
       War axe           |       |    11 |    30 ||    41
       Giant club        |       |       |     5 ||     5
Throw: Stone             |       |     7 |       ||     7
Invok: Berserk           |     2 |     7 |     4 ||    13
  Use: Scroll            |     1 |     2 |     3 ||     6
       Potion            |     1 |       |       ||     1
Armor: Animal skin       |    45 |    21 |    26 ||    92
Dodge: Dodged            |    91 |    71 |    56 ||   218

Table legend: (Time is in decaauts)
 A = Elapsed time spent in this place.
 B = Non-inter-level travel time spent in this place.
 C = Inter-level travel time spent in this place.
 D = Time resting spent in this place.
 E = Time spent auto-exploring this place.
 F = Levels seen in this place.
 G = Mean time per level.
                   A        B        C        D        E       F      G
               +--------+--------+--------+--------+--------+-----+--------+
         Total |   4742 |   4639 |    103 |      0 |   3416 |   5 |  948.4 |
       Dungeon |   4742 |   4639 |    103 |      0 |   3416 |   5 |  948.4 |
               +--------+--------+--------+--------+--------+-----+--------+

Top non-repeatable levels by time:
     D:4: 1567 daAuts
     D:3: 1073 daAuts
     D:1: 1020 daAuts
     D:2: 1005 daAuts
     D:5: 76 daAuts
